 Dungeon Crawl Stone Soup version bcrawl-1.27.1d (webtiles) character file.

Game seed: 9059280444821462046

143264 Freyura the Twirler (level 3, -2/28 HPs)
             Began as a Demonspawn Gladiator on July 22, 2020.
             Slain by a goblin
             ... wielding a +0 dagger
             ... led by Robin
              (3 damage)
             ... on level 2 of the Dungeon.
             The game lasted 00:02:09 (1197 turns).

Freyura the Twirler (Demonspawn Gladiator)          Turns: 1197, Time: 00:02:10

Health: -2/28      AC:  3    Str: 14    XL:     3   Next: 83%
Magic:  3/3        EV: 13    Int:  9    God:
Gold:   26         SH:  0    Dex: 15    Spells: 2/2 levels left

rFire    . . .     SeeInvis .   a - +0 quarterstaff
rCold    . . .     Gourm    .   (shield currently unavailable)
rNeg     . . .     Faith    .   b - +0 leather armour
rPois    .         Spirit   .   (helmet restricted)
rElec    .         Reflect  .   (no cloak)
rCorr    .         Harm     .   (no gloves)
MR       .....                  (no boots)
Stlth    +.........             (no amulet)
HPRegen  0.09/turn              (no ring)
MPRegen  0.08/turn              (no ring)

@: no status effects
A: horns 1, talons 1
a: no special abilities


You were on level 2 of the Dungeon.
You were hungry.

You visited 1 branch of the dungeon, and saw 2 of its levels.

You collected 26 gold pieces.

Inventory:

Hand Weapons
 a - a +0 quarterstaff (weapon)
Missiles
 d - 3 throwing nets {=f}
Armour
 b - a +0 leather armour (worn)
 c - a +0 helmet
 g - a +2 helmet
Scrolls
 h - a scroll of amnesia {unknown}
 i - a scroll of teleportation {unknown}
 j - a scroll of fear {unknown}
Potions
 f - a potion of berserk rage {unknown}
Comestibles
 e - 3 rations {!d}


   Skills:
 + Level 2.6 Fighting
 + Level 3.2 Staves
 - Level 1.7 Throwing
 + Level 1.3 Armour
 + Level 3.2 Dodging


You had 2 spell levels left.
You didn't know any spells.
Your spell library contained the following spells:

 Spells                   Type           Power        Failure   Level  Hunger
 Beastly Appendage        Tmut           #.....       45%         1    None
 Sticks to Snakes         Tmut           #.......     58%         2    ####...
 Spider Form              Tmut/Pois      #..          83%         3    #####..
 Ice Form                 Ice/Tmut       #.......     99%         4    ######.
 Blade Hands              Tmut           #.........   100%        5    #######


Dungeon Overview and Level Annotations

Branches:
Dungeon (2/12)

Altars:

Annotations:
D:2 Robin


Innate Abilities, Weirdness & Mutations

You have a pair of small horns on your head.
You have sharp toenails.


Message History

Robin roars a battlecry!
The goblin goes into a battle-frenzy!
You closely miss the goblin. Your kick misses the goblin.
Your headbutt misses the goblin. The goblin hits you but does no damage.
Robin says, "Duck!"
The goblin closely misses you.
You miss the goblin. The goblin hits you but does no damage.
A goblin comes into view.
The goblin barely misses you.
You closely miss the goblin. Your kick misses the goblin.
The goblin misses you. The goblin barely misses you.
You sock the goblin!
You kill the goblin!
The goblin hits you with a +0 dagger.
* * * LOW HITPOINT WARNING * * *
The jackal barely misses you.
You hit the jackal.
The jackal is moderately wounded.
The goblin hits you with a +0 dagger.
You die...

.h... #h..#
.... #gg#
##h.#### #
......
...(######g.##
......g@hhgg.#
....######g.##
# #.## #.# #.#
#.## #.># ##.#
#.#


You could see Robin, 2 jackals and 4 goblins.

Vanquished Creatures
  3 worms
  2 dart slugs
  3 leopard geckos
  A giant cockroach (D:1)
  7 goblins
  7 hobgoblins
  4 jackals
  A quokka (D:2)
  3 bats
  3 frilled lizards
  5 kobolds
  6 rats
45 creatures vanquished.

Notes
Turn   | Place    | Note
-------+----------+-------------------------------------------
     0 | D:1      | Freyura the Demonspawn Gladiator began the quest for the
                  | Orb.
     0 | D:1      | Reached XP level 1. HP: 16/16 MP: 1/1
   189 | D:1      | Gained mutation: You have sharp toenails. [demonic
                  | ancestry]
   189 | D:1      | Reached XP level 2. HP: 20/22 MP: 2/2
   819 | D:2      | Gained mutation: You have a pair of small horns on your
                  | head. [demonic ancestry]
   819 | D:2      | Reached XP level 3. HP: 28/28 MP: 3/3
   825 | D:2      | Reached skill level 1 in Armour
   887 | D:2      | HP: 1/28 [dart slug (3)]
  1174 | D:2      | Noticed Robin
  1196 | D:2      | HP: 1/28 [goblin/+0 dagger[Robin] (3)]
  1197 | D:2      | Slain by a goblin

Skill      XL: |  1  2  3 |
---------------+----------+-----
Staves         | 3 |  3.2
Dodging        | 3 |  3.2
Armour         | 1 |  1.3
Fighting       | |  2.6
Throwing       | |  1.7

Action                   || total
-------------------------++-------
Melee: Quarterstaff      ||   106
       Kick              ||    23
       Headbutt          ||     8
 Stab: Sleeping          ||     2
  Eat: Chunk             ||     3
Armor: Leather armour    ||    30
Dodge: Dodged            ||    88
